 Dungeon Crawl Stone Soup version 0.17-a0-1468-gbf503c2 (webtiles) character file.

14876 pulse the Cleaver (level 12, 0/97 HPs)
             Began as a Formicid Berserker on July 1, 2015.
             Was a High Priest of Trog.
             Slain by a white ugly thing (51 damage)
             ... on level 12 of the Dungeon.
             The game lasted 00:28:23 (13159 turns).

pulse the Cleaver (Formicid Berserker)             Turns: 13159, Time: 00:28:23

Health: 0/97       AC: 19    Str: 27    XL:     12   Next: 50%
Magic:  4/4        EV: 10    Int:  7    God:    Trog [*****.]
Gold:   510        SH:  0    Dex: 14    Spells: 0 memorised, 11 levels left

rFire  + + .     SeeInvis +     D - +4 battleaxe (antimagic)
rCold  x . .     Clarity  .     J - +1 chain mail {rF+}
rNeg   . . .     SustAt   .     (no shield)
rPois  .         Gourm    +     (helmet unavailable)
rElec  +         Spirit   .     l - +2 cloak {+Inv}
rCorr  .         Warding  .     (no gloves)
rMut   .         Stasis   +     L - +2 pair of boots
MR     +....                    K - amulet of the gourmand
Stlth  ..........               r - +4 ring of dexterity
                                M - ring of Divine Compulsion {rElec rF+ rC- Slay+5 Stlth+}

@: somewhat resistant to hostile enchantments, extremely unstealthy
A: permanent stasis, dig shafts and tunnels, four strong arms, antennae 3
a: Dig, Shaft Self, Burn Spellbooks, Trog's Hand, Brothers in Arms, Renounce
Religion, Evoke Invisibility


You were on level 12 of the Dungeon.
You worshipped Trog.
Trog was extremely pleased with you.
You were not hungry.

You visited 2 branches of the dungeon, and saw 13 of its levels.

You collected 860 gold pieces.
You spent 350 gold pieces at shops.

Inventory:

Hand weapons
 D - a +4 antimagic battleaxe (weapon)
Armour
 l - a +2 cloak of invisibility (worn)
 G - a +0 plate armour
 J - a +1 chain mail of fire resistance (worn)
 L - a +2 pair of boots (worn)
 P - a +0 ring mail of cold resistance
Jewellery
 r - a +4 ring of dexterity (right hand)
 E - an uncursed ring of flight
 K - an amulet of the gourmand (around neck)
 M - the ring of Divine Compulsion (left hand) {rElec rF+ rC- Slay+5 Stlth+}
   (You took it off an orc warrior on level 11 of the Dungeon)

   [ring of protection from fire]

   It affects your accuracy and damage with ranged weapons and melee attacks
   (+5).
   It protects you from fire.
   It makes you vulnerable to cold.
   It insulates you from electricity.
   It makes you more stealthy.
 Y - an uncursed amulet of resist corrosion
Magical devices
 a - a wand of lightning (5)
 i - a wand of paralysis (7)
 n - a wand of confusion (24)
 B - a wand of slowing (35)
 Q - a wand of cold (5)
 R - a wand of magic darts (23)
 S - a wand of lightning (6)
 T - a wand of draining (7)
 U - a wand of teleportation (3)
 X - a wand of magic darts (26)
Scrolls
 b - 2 scrolls of amnesia {unknown}
 k - a scroll of noise {unknown}
 m - 3 scrolls of fear {unknown}
 o - 2 scrolls of magic mapping {unknown}
 s - 7 scrolls of enchant armour {unknown}
 t - a scroll of blinking {unknown}
 x - a scroll of immolation {unknown}
 y - 2 scrolls of recharging {unknown}
 A - 2 scrolls of fog {unknown}
 F - 2 scrolls of enchant weapon {unknown}
 H - a scroll of random uselessness {unknown}
 W - a scroll of brand weapon {unknown}
Potions
 d - 7 potions of curing
 e - 6 potions of might
 g - 3 potions of agility
 h - a potion of heal wounds
 p - 2 potions of flight
 u - a potion of ambrosia {unknown}
 v - a potion of invisibility {unknown}
 z - 2 potions of brilliance
 C - a potion of mutation {unknown}
 I - 2 potions of lignification
 V - 2 potions of magic {unknown}
Comestibles
 c - 3 bread rations
 f - 9 beef jerkies
 j - 4 meat rations
 w - 11 royal jellies
 N - 10 fruits


   Skills:
 + Level 10.1 Fighting
 * Level 14.4 Axes
 + Level 10.4 Armour
 - Level 2.0 Dodging
 - Level 0.6 Stealth


You had 11 spell levels left.
You didn't know any spells.

Dungeon Overview and Level Annotations

Branches:
Dungeon (12/15)            Temple (1/1) D:4            Lair (0/8) D:9
    Orc (0/4) D:9

Altars:
Ashenzari
Cheibriados
Dithmenos
Elyvilon
Fedhas
Gozag
Kikubaaqudgha
Makhleb
Nemelex Xobeh
Okawaru
Qazlal
Ru
Sif Muna
Trog
Vehumet
Xom
Yredelemnul
Zin
The Shining One

Shops:
D:6 *

Portals:
Trove: D:11 (give +5 demon trident)


Innate Abilities, Weirdness & Mutations

You are under a permanent stasis effect.
You can dig through walls and to a lower floor.
Your four strong arms can wield two-handed weapons with a shield.
You have a pair of large antennae on your head (SInv).


Message History

No target in view!
You now have 501 gold pieces (gained 11).
You now have 510 gold pieces (gained 9).
A giant frog comes into view.
The giant frog gives a loud, deep croak!
A giant frog is nearby!
A giant frog is nearby!
A white ugly thing comes into view.
The white ugly thing gurgles horribly!
You barely miss the giant frog. The giant frog barely misses you.
The giant frog hits you but does no damage.
You slice the giant frog!!
You kill the giant frog!
Trog accepts your kill.
You slash the white ugly thing!
The white ugly thing is moderately wounded.
The white ugly thing stings you. The white ugly thing freezes you!!!
You feel a terrible chill!
Ouch! That really hurt!
You die...

.#.................
#...................
##................... #
#....................
##.#$...................
#.......................
.#.....................#
..............รท.[.....##
......u@...............#
.......$.........)[.....
............#...........
...........###..........
............#.......(.).
........................
........................
........................
.....................


You could see a white ugly thing.

Vanquished Creatures
  Harold (D:11)
  3 hill giants
  2 ugly things (D:11)
  3 manticores
  Maurice (D:10)
  2 kobold demonologists
  2 trolls (D:10)
  Grinder (D:5)
  2 two-headed ogres (D:10)
  2 deep elf magi
  7 yaks
  A wyvern (D:8)
  A hungry ghost (D:8)
  Menkaure (D:7)
  2 soldier ants (D:8)
  A deep elf fighter (D:9)
  A spider (D:8)
  A swamp drake (D:9)
  4 sky beasts
  3 necrophages
  2 ogres
  3 black bears
  5 centaurs
  7 orc warriors
  A crocodile (D:9)
  2 big kobolds
  A wyvern zombie (D:7)
  10 giant frogs
  A water moccasin zombie (D:9)
  4 scorpions
  4 killer bees (D:9)
  7 wights
  7 crimson imps
  A giant frog zombie (D:5)
  7 hounds
  4 orc priests
  A quasit (D:9)
  2 jellies (D:11)
  5 centaur skeletons
  3 giant frog skeletons
  3 iguanas
  11 orc wizards
  9 worker ants
  2 hound zombies
  3 gnolls (D:5)
  A river rat (D:9)
  19 adders
  2 shadow imps
  2 oozes
  2 adder skeletons
  3 worms
  3 giant geckos
  45 orcs
  A ball python (D:2)
  7 giant cockroaches
  14 goblins
  6 hobgoblins
  12 jackals
  27 kobolds
  20 bats
  5 giant newts
  A jackal skeleton (D:5)
  7 quokkas
  49 rats
  4 fungi (D:9)
  A plant (D:9)
377 creatures vanquished.

Vanquished Creatures (others)
  A fungus (D:9)
  A plant (D:9)
2 creatures vanquished.

Grand Total: 379 creatures vanquished

Notes
Turn   | Place    | Note
--------------------------------------------------------------
     0 | D:1      | pulse the Formicid Berserker began the quest for the Orb.
     0 | D:1      | Reached XP level 1. HP: 18/18 MP: 1/1
   225 | D:1      | Reached XP level 2. HP: 22/24 MP: 2/2
   922 | D:2      | Reached XP level 3. HP: 29/29 MP: 3/3
   959 | D:2      | Acquired Trog's second power
  1399 | D:2      | Reached skill level 4 in Axes
  1399 | D:2      | Reached XP level 4. HP: 20/37 MP: 4/4
  2340 | D:2      | Reached XP level 5. HP: 36/42 MP: 5/5
  3375 | D:3      | Reached XP level 6. HP: 45/49 MP: 6/6
  3758 | D:4      | Found a staircase to the Ecumenical Temple.
  3790 | D:4      | Reached skill level 5 in Axes
  3885 | Temple   | Entered the Ecumenical Temple
  4044 | D:4      | Acquired Trog's third power
  4164 | D:4      | Noticed a black bear
  4172 | D:4      | Killed a black bear
  4172 | D:4      | Reached XP level 7. HP: 18/55 MP: 7/7
  4525 | D:4      | Noticed a rust devil
  4822 | D:4      | Noticed an angel
  4900 | D:5      | Entered Level 5 of the Dungeon
  4910 | D:5      | Reached skill level 5 in Armour
  4912 | D:5      | Reached skill level 5 in Fighting
  5080 | D:5      | Reached skill level 6 in Axes
  5093 | D:5      | Reached XP level 8. HP: 38/63 MP: 8/8
  5358 | D:5      | Noticed Grinder
  5416 | D:5      | Found a glowing golden altar of the Shining One.
  5490 | D:5      | Killed Grinder
  5490 | D:5      | Reached skill level 7 in Axes
  6308 | D:6      | Reached XP level 9. HP: 62/69 MP: 9/9
  6339 | D:6      | Reached skill level 8 in Axes
  6773 | D:6      | Found Ymukyik's Assorted Antiques.
  6778 | D:6      | Bought 2 potions of heal wounds for 350 gold pieces
  6835 | D:7      | Reached skill level 9 in Axes
  7091 | D:7      | Noticed Menkaure
  7097 | D:7      | Killed Menkaure
  7290 | D:7      | Received a gift from Trog
  7657 | D:7      | Found a white marble altar of Elyvilon.
  7930 | D:8      | Reached XP level 10. HP: 75/77 MP: 3/10
  8205 | D:8      | Reached skill level 10 in Axes
  8763 | D:9      | Reached skill level 11 in Axes
  8777 | D:9      | Found a staircase to the Lair.
  9123 | D:9      | Found a staircase to the Orcish Mines.
  9685 | D:9      | Received a gift from Trog
  9691 | D:9      | Reached XP level 11. HP: 82/85 MP: 3/11
  9978 | D:10     | Entered Level 10 of the Dungeon
 10299 | D:10     | Reached skill level 12 in Axes
 10812 | D:10     | Noticed a hill giant
 10815 | D:10     | Killed a hill giant
 10944 | D:10     | Noticed Maurice
 10952 | D:10     | Killed Maurice
 10952 | D:10     | Received a gift from Trog
 11446 | D:11     | Found a portal to a secret trove of treasure.
 11687 | D:11     | Noticed a brown ugly thing
 11697 | D:11     | Killed a brown ugly thing
 11697 | D:11     | Reached skill level 13 in Axes
 12025 | D:11     | Noticed Harold
 12025 | D:11     | Noticed a manticore
 12037 | D:11     | Killed Harold
 12046 | D:11     | Killed a manticore
 12046 | D:11     | Reached skill level 10 in Armour
 12267 | D:11     | Noticed a hill giant
 12278 | D:11     | Killed a hill giant
 12278 | D:11     | Reached XP level 12. HP: 61/96 MP: 4/12
 12428 | D:11     | Got a wavering golden ring
 12551 | D:11     | Noticed a brown ugly thing
 12556 | D:11     | Killed a brown ugly thing
 12712 | D:12     | Identified the ring of Divine Compulsion {rElec rF+ rC- Slay+5 Stlth+} (You took it off an orc warrior on level 11 of the Dungeon)
 12791 | D:12     | Noticed a soul eater
 12802 | D:12     | Reached skill level 14 in Axes
 13062 | D:12     | Reached skill level 10 in Fighting
 13159 | D:12     | Slain by a white ugly thing

Vault maps used:
D:1:      minmay_arrival_three_doors
D:2:      minmay_rats_cheesy_pizza
D:4:      black_bear_nest_2, temple_garden
D:5:      first_bread, tso_metal_star, uniq_grinder
D:6:      serial_shops, kennysheep_little_box
D:7:      nicolae_overflow_hidden_temple, uniq_menkaure
D:8:      hangedman_pestilent_swarm
D:9:      grunt_lair_entry_elf_guard_hut, erik_orc_1
D:10:     minmay_misc_feat_five, uniq_maurice
D:11:     enter_trove_2, uniq_harold
Temple:   kilobyte_greek_temple_18

Action                   |  1- 3 |  4- 6 |  7- 9 | 10-12 || total
-------------------------+-------+-------+-------+-------++-------
Melee: Hand axe          |   107 |   301 |       |       ||   408
       War axe           |       |    19 |    88 |       ||   107
       Broad axe         |       |       |   177 |       ||   177
       Battleaxe         |       |       |    29 |   452 ||   481
Invok: Burn Spellbooks   |       |       |       |     2 ||     2
Evoke: Wand              |       |       |       |     1 ||     1
  Use: Scroll            |       |     6 |     5 |     2 ||    13
       Potion            |       |       |     4 |     1 ||     5
  Eat: Chunk             |     1 |     7 |     8 |     5 ||    21
       Pizza             |       |     1 |       |     2 ||     3
       Meat ration       |       |       |     1 |     1 ||     2
       Fruit             |       |       |     2 |     1 ||     3
       Bread ration      |       |       |       |     1 ||     1
